 Dungeon Crawl Stone Soup version 0.31-a0-190-g4feb4907b2 (webtiles) character file.

Game seed: 15813874056961166989

5296 qw the Markself (level 10, 0/59 HPs)
             Began as a Deep Elf Hunter on June 23, 2023.
             Was a Believer of Okawaru.
             Slain by a yak (13 damage)
             ... on level 9 of the Dungeon.
             The game lasted 00:03:46 (8489 turns).

qw the Markself (Deep Elf Hunter)                   Turns: 8489, Time: 00:03:46

Health: 0/59       AC: 17    Str: 12    XL:     10   Next: 37%
Magic:  13/15      EV: 18    Int: 15    God:    Okawaru [**....]
Gold:   25         SH:  0    Dex: 18    Spells: 9/9 levels left

rFire   . . .        Y - +0 orcbow
rCold   + . .        (shield currently unavailable)
rNeg    + . .        s - +1 ring mail {rC+}
rPois   +            g - +1 helmet
rElec   .            j - +1 cloak
rCorr   .            h - +0 pair of gloves
SInv    .            m - +2 pair of boots {Fly}
Will    ++++.        i - amulet of the Four Winds {rN+ Will+++ Clar}
Stlth   +++          k - ring of poison resistance
HPRegen 0.29/turn    (no ring)
MPRegen 0.14/turn

%: clarity
@: lethally poisoned (0 -> -2), about to teleport, heroic, flying
A: no striking features
a: Renounce Religion, Heroism


You were on level 9 of the Dungeon.
You worshipped Okawaru.
Okawaru was pleased with you.
You visited 2 branches of the dungeon, and saw 10 of its levels.

You collected 527 gold pieces.
You spent 502 gold pieces at shops.


   Skills:
 - Level 5.2(10.2) Fighting
 + Level 15.1(20.1) Ranged Weapons
 - Level 2.4(7.4) Armour
 - Level 9.0(14.0) Dodging
 - Level 1.2(6.2) Stealth
 - Level 4.0 Invocations


You had 9 spell levels left.
You didn't know any spells.
Your spell library was empty.

Inventory:

Hand Weapons
 Y - a +0 orcbow (weapon)
Armour
 d - a +2 leather armour of fire resistance
 g - a +1 helmet (worn)
 h - a +0 pair of gloves (worn)
 j - a +1 cloak (worn)
 l - a +3 leather armour of poison resistance
 m - a +2 pair of boots of flying (worn)
 s - a +1 ring mail of cold resistance (worn)
Jewellery
 i - the amulet of the Four Winds (around neck) {rN+ Will+++ Clar}
   (You found it on level 8 of the Dungeon)

   [amulet of nothing]

   rN:        It protects you from negative energy.
   Clar:      It protects you from confusion, rage, mesmerisation and fear.
   Will:      It greatly increases your willpower.
 k - a ring of poison resistance (left hand)
Scrolls
 b - 6 scrolls of teleportation
 p - a scroll of identify
Potions
 c - a potion of enlightenment
 e - 4 potions of curing
 f - a potion of lignification {unknown}
 n - a potion of attraction {unknown}
 o - a potion of might {unknown}

Dungeon Overview and Level Annotations

Branches:
Dungeon (9/15)             Temple (1/1) D:6
   Lair: D:8-11         Orc: D:9-12

Altars:
Ashenzari
Cheibriados
Dithmenos
Elyvilon
Fedhas
Gozag
Hepliaklqana
Kikubaaqudgha
Makhleb
Nemelex Xobeh
Okawaru
Qazlal
Ru
Sif Muna
Trog
Uskayaw
Vehumet
Wu Jian
Xom
Yredelemnul
Zin
The Shining One

Shops:
D:4 =[=:   D:8 ([(:!

Annotations:
D:3 1 runed translucent door, qw's ghost, weakling DEHu
D:5 1 runed translucent door, Crazy Yiuf
D:8 2 transporters


Message History

You shoot an arrow. The gnoll shouts!
The arrow hits the bullfrog.
The bullfrog is almost dead.
You feel sick. The killer bee barely misses you.
The bullfrog hits you but does no damage.
You shoot an arrow. The arrow hits the bullfrog.
You kill the bullfrog!
Okawaru accepts your kill.
You feel sick. The killer bee misses you. The orc wizard closely misses you.
The gnoll hits you but does no damage. The orc misses you.
The yak gores you but does no damage. The gnoll sergeant misses you.
The killer bee misses you. The killer bee closely misses you.
You shoot an arrow. The arrow hits the yak.
The yak is lightly wounded.
You feel sick.
The orc wizard points at you and mumbles some strange words.
The puff of flame hits you.
The gnoll hits you from afar with a +0 spear.
The orc misses you. The yak misses you.
The gnoll sergeant hits you but does no damage.
The killer bee misses you.
8488 ||| READING 7 scrolls of teleportation.
As you read the scroll of teleportation, it crumbles to dust.
You feel strangely unstable.
You feel sick. The killer bee misses you. The killer bee completely misses you.
The orc wizard hits you but does no damage.
The gnoll completely misses you. The orc misses you.
The yak completely misses you. The gnoll sergeant closely misses you.
The killer bee closely misses you. The killer bee misses you.
You shoot an arrow.
The arrow hits the yak but does no damage.
The yak is lightly wounded.
The killer bee misses you.
The killer bee stings you but does no damage.
The orc wizard hits you but does no damage.
The orc completely misses you. The gnoll closely misses you.
The gnoll sergeant hits you but does no damage.
The yak gores you!
You die...

#..# .. #####
##.#.##..
##...####...#....
##.....##.........
#.......#.........
#..._...#.........
#.......#.yy......
##.....##.@Yy...).
##...##..oo......
###.###ggg.......
##.#..#g.#........
##.......###.......
##.......#####......
##.......#######.....
##.........#####......
#.#.........###......


You could see a yak, a gnoll sergeant, 3 killer bees, an orc wizard, 3 gnolls
and an orc.

Vanquished Creatures
  Grinder (D:6)
  Sigmund (D:5)
  11 yaks
  A wyvern (D:8)
  Eustachio (D:4)
  Menkaure (D:5)
  Edmund (D:4)
  A water moccasin (D:7)
  A black bear (D:4)
  A sky beast (D:7)
  A centaur (D:8)
  7 bullfrogs
  2 kobold brigands
  Blork the orc (D:4)
  4 scorpions
  2 gnoll sergeants (D:5)
  2 howler monkeys (D:7)
  2 jellies
  A gnoll bouda (D:6)
  4 orc priests
  2 hounds
  7 iguanas
  19 orc wizards
  A sleepcap (D:6)
  Robin (D:2)
  3 adders
  21 gnolls
  2 shadow imps (D:7)
  An ufetubus (D:4)
  6 worms
  2 dart slugs (D:4)
  29 orcs
  10 endoplasms
  2 giant cockroaches
  11 goblins
  11 hobgoblins
  15 kobolds
  A quokka (D:4)
  5 ball pythons
  6 bats
  3 frilled lizards
  4 rats
  A spectral kobold (D:2)
209 creatures vanquished.

Notes
Turn   | Place    | Note
-------+----------+-------------------------------------------
     0 | D:1      | qw the Deep Elf Hunter began the quest for the Orb.
     0 | D:1      | Reached XP level 1. HP: 12/12 MP: 3/3
     0 | D:1      | 0 ||| qw: Version: 0.3-a-9-g12657ce
     0 | D:1      | 0 ||| qw: Game counter: 4542
     0 | D:1      | 0 ||| qw: Always use a shield: true
     0 | D:1      | 0 ||| qw: God list: Okawaru
     0 | D:1      | 0 ||| qw: Allow faded altars: false
     0 | D:1      | 0 ||| qw: Do Orc after D:15 true
     0 | D:1      | 0 ||| qw: Do second Lair branch before Depths: true
     0 | D:1      | 0 ||| qw: Lair rune preference: random
     0 | D:1      | 0 ||| qw: Plans: Normal
     0 | D:1      | 0 ||| PLANNING D:1-11
   339 | D:1      | Reached skill level 6 in Ranged Weapons
   339 | D:1      | Reached XP level 2. HP: 16/16 MP: 4/4
   692 | D:1      | 692 ||| UPGRADING to +0 pair of gloves.
   697 | D:1      | 697 ||| READING scroll labelled LOCHEI HAFAEH.
   698 | D:1      | 698 ||| READING scroll labelled QIEGOSTRINUC.
   699 | D:1      | 699 ||| READING scroll labelled YTOMEU BUB IGY.
   700 | D:1      | 700 ||| DROPPING scroll of butterflies.
   752 | D:2      | Found a faded altar of an unknown god.
   847 | D:2      | HP: 4/16 [worm (8)]
  1013 | D:2      | Reached XP level 3. HP: 20/20 MP: 5/5
  1084 | D:2      | Noticed Robin
  1089 | D:2      | Reached skill level 7 in Ranged Weapons
  1101 | D:2      | Killed Robin
  1521 | D:2      | 1521 ||| UPGRADING to +1 helmet.
  1526 | D:2      | 1526 ||| READING scroll labelled NOMUES MURGHINENA.
  1530 | D:2      | 1530 ||| READING 2 scrolls labelled SOIHYM ASHRONA.
  1531 | D:2      | 1531 ||| DROPPING scroll of amnesia.
  1565 | D:3      | Found a runed translucent door.
  1566 | D:3      | Noticed qw's ghost (weakling DEHu)
  1576 | D:3      | Noticed a scorpion
  1582 | D:3      | Killed a scorpion
  1583 | D:3      | Reached skill level 8 in Ranged Weapons
  1583 | D:3      | Reached XP level 4. HP: 25/25 MP: 6/6
  1598 | D:3      | Found an opulent altar of Gozag.
  1726 | D:3      | Reached XP level 5. HP: 11/29 MP: 7/7
  2386 | D:3      | 2386 ||| UPGRADING to +0 ring mail.
  2396 | D:3      | 2396 ||| DROPPING +0 leather armour.
  2397 | D:3      | 2397 ||| UPGRADING to +1 cloak.
  2402 | D:3      | 2402 ||| UPGRADING to ring of poison resistance.
  2403 | D:3      | 2403 ||| DRINKING 3 golden potions.
  2530 | D:4      | Reached skill level 1 in Armour
  2577 | D:4      | Found Mubamif's Book Boutique.
  2586 | D:4      | Reached skill level 9 in Ranged Weapons
  2595 | D:4      | Found Saot Yje's Jewellery Boutique.
  2596 | D:4      | Found Nunk's Jewellery Boutique.
  2596 | D:4      | Found Jidgh's Antique Armour Boutique.
  2604 | D:4      | 2604 ||| Stepping ~*~*~tactically~*~*~ (outnumbered).
  2606 | D:4      | 2606 ||| STAIRDANCE
  2773 | D:4      | Noticed Eustachio
  2783 | D:4      | Killed Eustachio
  2784 | D:4      | Reached skill level 3 in Fighting
  2784 | D:4      | Reached XP level 6. HP: 35/37 MP: 8/8
  2807 | D:4      | 2807 ||| FLEEEEING.
  2808 | D:4      | 2808 ||| FLEEEEING.
  2809 | D:4      | 2809 ||| FLEEEEING.
  2810 | D:4      | 2810 ||| FLEEEEING.
  2811 | D:4      | 2811 ||| FLEEEEING.
  2812 | D:4      | 2812 ||| FLEEEEING.
  2813 | D:4      | 2813 ||| FLEEEEING.
  2814 | D:4      | 2814 ||| FLEEEEING.
  2815 | D:4      | 2815 ||| STAIRDANCE
  2989 | D:4      | 2989 ||| STAIRDANCE
  3157 | D:4      | 3157 ||| FLEEEEING.
  3158 | D:4      | 3158 ||| FLEEEEING.
  3159 | D:4      | 3159 ||| FLEEEEING.
  3160 | D:4      | 3160 ||| FLEEEEING.
  3161 | D:4      | 3161 ||| FLEEEEING.
  3164 | D:4      | 3164 ||| FLEEEEING.
  3165 | D:4      | 3165 ||| STAIRDANCE
  3182 | D:3      | Reached skill level 10 in Ranged Weapons
  3182 | D:3      | Reached XP level 7. HP: 29/41 MP: 9/9
  3363 | D:4      | Noticed Blork the orc
  3365 | D:4      | 3365 ||| FLEEEEING.
  3366 | D:4      | 3366 ||| FLEEEEING.
  3367 | D:4      | 3367 ||| FLEEEEING.
  3368 | D:4      | 3368 ||| FLEEEEING.
  3369 | D:4      | 3369 ||| FLEEEEING.
  3378 | D:4      | 3378 ||| STAIRDANCE
  3515 | D:4      | Killed Blork the orc
  3516 | D:4      | Reached skill level 3 in Dodging
  3623 | D:4      | 3623 ||| BUYING pair of runed boots (180 gold).
  3623 | D:4      | Bought a pair of runed boots for 180 gold pieces
  3630 | D:4      | 3630 ||| SHOPLISTING amulet of Fisa {Spirit rC+ Will- Str+8
                  | Int+2} (608 gold, have 47).
  3630 | D:4      | 3630 ||| SHOPLISTING amulet of the acrobat (300 gold, have
                  | 47).
  3630 | D:4      | 3630 ||| SHOPLISTING ring of Detwi {+Blink rElec rN+ EV+5}
                  | (612 gold, have 47).
  3630 | D:4      | 3630 ||| SHOPLISTING ring of Xom's Passing Interest {Ice
                  | Dex+2} (362 gold, have 47).
  3630 | D:4      | 3630 ||| SHOPLISTING ring of protection from cold (250
                  | gold, have 47).
  3630 | D:4      | 3630 ||| SHOPLISTING ring of resist corrosion (200 gold,
                  | have 47).
  3630 | D:4      | 3630 ||| SHOPLISTING ring of see invisible (150 gold, have
                  | 47).
  3633 | D:4      | 3633 ||| SHOPLISTING +6 ring of dexterity (396 gold, have
                  | 47).
  3633 | D:4      | 3633 ||| SHOPLISTING +6 ring of strength (396 gold, have
                  | 47).
  3633 | D:4      | 3633 ||| SHOPLISTING amulet of reflection (330 gold, have
                  | 47).
  3633 | D:4      | 3633 ||| SHOPLISTING amulet of regeneration (330 gold, have
                  | 47).
  3633 | D:4      | 3633 ||| SHOPLISTING ring of fire (275 gold, have 47).
  3633 | D:4      | 3633 ||| SHOPLISTING ring of poison resistance (220 gold,
                  | have 47).
  3909 | D:4      | 3909 ||| UPGRADING to +2 pair of boots of flying.
  3914 | D:4      | 3914 ||| READING scroll labelled DUOZIM GOBB.
  3915 | D:4      | 3915 ||| READING scroll labelled PUSUOHOIMNE.
  3916 | D:4      | 3916 ||| DRINKING 2 fuming coppery potions.
  3961 | D:5      | Entered Level 5 of the Dungeon
  3961 | D:5      | Noticed Edmund
  3976 | D:5      | 3976 ||| STAIRDANCE
  3983 | D:4      | Killed Edmund
  3984 | D:4      | Reached skill level 11 in Ranged Weapons
  4289 | D:5      | Reached XP level 8. HP: 46/46 MP: 10/10
  4324 | D:5      | Reached skill level 12 in Ranged Weapons
  4334 | D:5      | Noticed Sigmund
  4340 | D:5      | Killed Sigmund
  4373 | D:5      | 4373 ||| FLEEEEING.
  4374 | D:5      | 4374 ||| FLEEEEING.
  4375 | D:5      | 4375 ||| FLEEEEING.
  4376 | D:5      | 4376 ||| FLEEEEING.
  4377 | D:5      | 4377 ||| FLEEEEING.
  4378 | D:5      | 4378 ||| STAIRDANCE
  4396 | D:4      | 4396 ||| DRINKING 2 smoky amethyst potions.
  4397 | D:4      | 4397 ||| DROPPING potion of degeneration.
  4407 | D:5      | 4407 ||| STAIRDANCE
  4478 | D:5      | Noticed Menkaure
  4482 | D:5      | 4482 ||| Stepping ~*~*~tactically~*~*~ (outnumbered).
  4492 | D:5      | Killed Menkaure
  4495 | D:5      | HP: 11/46 [gnoll/+0 spear[a gnoll sergeant] (2)]
  4496 | D:5      | 4496 ||| READING scroll of teleportation.
  4497 | D:5      | 4497 ||| DRINKING potion of heal wounds.
  4557 | D:5      | Found a runed translucent door.
  4558 | D:5      | Noticed Crazy Yiuf
  4693 | D:5      | 4693 ||| UPGRADING to +2 leather armour of fire resistance.
  4703 | D:5      | 4703 ||| DROPPING +0 ring mail.
  4748 | D:6      | 4748 ||| STAIRDANCE
  4751 | D:5      | Reached skill level 13 in Ranged Weapons
  4905 | D:6      | Reached skill level 14 in Ranged Weapons
  4906 | D:6      | 4906 ||| STAIRDANCE
  4915 | D:5      | HP: 11/46 [yak (3)]
  4918 | D:5      | Reached XP level 9. HP: 10/50 MP: 11/11
  4922 | D:5      | HP: 5/50 [yak (6)]
  4924 | D:5      | Reached skill level 6 in Dodging
  5169 | D:6      | 5169 ||| STAIRDANCE
  5278 | D:6      | 5278 ||| STAIRDANCE
  5286 | D:5      | HP: 13/52 [+1 spectral quarterstaff[a gnoll sergeant] (3)]
  5288 | D:5      | HP: 6/52 [+1 spectral quarterstaff[a gnoll sergeant] (4)]
  5587 | D:6      | Noticed Grinder
  5609 | D:6      | Paralysed by Grinder for 5 turns
  5619 | D:6      | Killed Grinder
  6030 | D:6      | Found a staircase to the Ecumenical Temple.
  6031 | D:6      | 6031 ||| PLANNING TEMPLE
  6031 | D:6      | 6031 ||| READING scroll labelled ILUELL XADIUMN.
  6042 | Temple   | Entered the Ecumenical Temple
  6337 | Temple   | 6337 ||| PLANNING OKAWARU WORSHIP
  6354 | Temple   | Became a worshipper of Warmaster Okawaru
  6355 | Temple   | 6355 ||| PLANNING D:1-11
  6791 | D:7      | Reached * piety under Okawaru
  6854 | D:7      | Reached skill level 1 in Invocations
  7011 | D:7      | 7011 ||| DRINKING 4 potions of curing.
  7011 | D:7      | 7011 ||| (to cure confusion)
  7015 | D:7      | Reached XP level 10. HP: 59/59 MP: 13/13
  7100 | D:7      | 7100 ||| FLEEEEING.
  7101 | D:7      | 7101 ||| FLEEEEING.
  7102 | D:7      | 7102 ||| FLEEEEING.
  7103 | D:7      | 7103 ||| FLEEEEING.
  7104 | D:7      | 7104 ||| FLEEEEING.
  7105 | D:7      | 7105 ||| FLEEEEING.
  7106 | D:7      | 7106 ||| FLEEEEING.
  7107 | D:7      | 7107 ||| FLEEEEING.
  7110 | D:7      | 7110 ||| FLEEEEING.
  7111 | D:7      | 7111 ||| FLEEEEING.
  7112 | D:7      | 7112 ||| FLEEEEING.
  7113 | D:7      | 7113 ||| FLEEEEING.
  7114 | D:7      | 7114 ||| FLEEEEING.
  7115 | D:7      | 7115 ||| STAIRDANCE
  7142 | D:6      | 7142 ||| READING scroll labelled QIHAMEHIVO.
  7145 | D:7      | 7145 ||| STAIRDANCE
  7246 | D:7      | Reached skill level 9 in Dodging
  7255 | D:7      | 7255 ||| SWAPPING to +0 orcbow.
  7256 | D:7      | 7256 ||| Stepping ~*~*~tactically~*~*~ (outnumbered).
  7257 | D:7      | 7257 ||| DROPPING +1 shortbow of freezing.
  7506 | D:7      | 7506 ||| READING scroll labelled MOXEDIG IQERPH.
  7507 | D:7      | 7507 ||| READING 2 scrolls of identify.
  7507 | D:7      | 7507 ||| IDENTIFYING red potion
  7508 | D:7      | 7508 ||| DROPPING potion of brilliance.
  7550 | D:8      | Found a transporter.
  7554 | D:8      | Found Ruyc's Distillery.
  7556 | D:8      | Found a transporter.
  7614 | D:8      | Reached skill level 3 in Invocations
  7747 | D:8      | Found the amulet of the Four Winds {rN+ Will+++ Clar}
  7801 | D:8      | Reached ** piety under Okawaru
  7818 | D:8      | Found Ubloluky's Weapon Emporium.
  7833 | D:8      | 7833 ||| SHOPLISTING +6 orcbow (461 gold, have 297).
  7869 | D:8      | 7869 ||| Stepping ~*~*~tactically~*~*~ (outnumbered).
  8081 | D:8      | Found Noduduk's Book Shoppe.
  8290 | D:8      | Found Mesup Votipn's Weapon Boutique.
  8292 | D:8      | Found Urhes's Antique Armour Boutique.
  8305 | D:8      | 8305 ||| BUYING ancient leather armour (161 gold).
  8305 | D:8      | Bought an ancient leather armour for 161 gold pieces
  8305 | D:8      | Identified the +1 leather armour of Precision Catastrophes
                  | {rF+} (You bought it in a shop on level 8 of the Dungeon)
  8305 | D:8      | 8305 ||| BUYING glowing ring mail (161 gold).
  8305 | D:8      | Bought a glowing ring mail for 161 gold pieces
  8305 | D:8      | 8305 ||| SHOPLISTING scorched ring mail (207 gold, have
                  | 25).
  8305 | D:8      | 8305 ||| DROPPING +1 leather armour of Precision
                  | Catastrophes {rF+}.
  8306 | D:8      | 8306 ||| UPGRADING to +1 ring mail of cold resistance.
  8316 | D:8      | 8316 ||| UPGRADING to amulet of the Four Winds {rN+ Will+++
                  | Clar}.
  8321 | D:8      | 8321 ||| READING scroll labelled AMOXKE ADUNUC.
  8405 | D:8      | 8405 ||| READING scroll labelled BYCEUGR IRYRUISMI.
  8406 | D:8      | 8406 ||| READING 2 scrolls of identify.
  8406 | D:8      | 8406 ||| IDENTIFYING yellow potion
  8443 | D:9      | Found an ancient bone altar of Kikubaaqudgha.
  8478 | D:9      | Reached skill level 15 in Ranged Weapons
  8483 | D:9      | 8483 ||| INVOKING Heroism.
  8487 | D:9      | HP: 14/59 [gnoll/+0 spear[a gnoll sergeant] (2)]
  8488 | D:9      | 8488 ||| READING 7 scrolls of teleportation.
  8489 | D:9      | Slain by a yak

Levels and vault maps discovered:
D:1:      dpeg_arrival_renting, layout_loops_ring
D:2:      layout_loops_ring, dreamdust_ecumenical_altar_drowned_temple,
          columned_hall_lemuel, uniq_robin
D:3:      layout_basic, nicolae_gozag_cash_rules_everything_around_me,
          ebering_ghost_reflecting_pool
D:4:      layout_rooms, minmay_shop_grid_forest, uniq_blork_the_orc,
          uniq_eustachio
D:5:      layout_cave_pools, uniq_crazy_yiuf_cottage, uniq_edmund,
          uniq_menkaure, uniq_sigmund
D:6:      layout_basic, minmay_temple_entry_large_hall, uniq_grinder
D:7:      minmay_flawed_box, layout_cave_pools, st_stairs_3
D:8:      layout_basic, serial_shops, nicolae_shop_just_a_little_nook,
          nicolae_shop_peninsula, nicolae_shop_tiny_statue_garden,
          nicolae_shop_drivethru, shop
D:9:      layout_big_octagon, lemuel_round_altar, david_orc_2
Temple:   mainiacjoe_temple_cubbyholes

Skill      XL: |  1  2  3  4  5  6  7  8  9 10 |
---------------+-------------------------------+-----
Ranged Weapons | 6 8 9 10 11 14 15 | 15.1
Armour         | 1 2 |  2.4
Fighting       | 3 5 |  5.2
Dodging        | 3 5 8 9 |  9.0
Invocations    | 1 4 |  4.0
Stealth        | |  1.2

Action                     |  1- 3 |  4- 6 |  7- 9 | 10-12 || total
---------------------------+-------+-------+-------+-------++-------
   Fire: Shortbow          |    87 |   142 |   420 |    32 ||   681
         Orcbow            |       |       |       |   171 ||   171
 Invoke: Heroism           |       |       |       |     1 ||     1
    Use: Scroll            |     5 |       |     4 |     7 ||    16
         Potion            |       |     1 |     4 |       ||     5
 Armour: Leather armour    |     5 |       |    54 |    23 ||    82
         Ring mail         |       |    31 |    28 |    31 ||    90
  Dodge: Dodged            |    11 |    30 |   143 |    96 ||   280

Table legend:
 A = Non-vault XP
 B = Vault XP
 C = Vault XP percentage of total XP
 D = Non-vault monster count
 E = Vault monster count
 F = Vault count percentage of total count
                 A         B        C        D         E       F
            +---------+---------+-------+---------+---------+-------
      Total |    5883 |    1684 |  22.3 |     176 |      33 |  15.8
            +---------+---------+-------+---------+---------+-------
        D:1 |      16 |       0 |   0.0 |      10 |       0 |   0.0
        D:2 |      41 |      37 |  47.4 |      17 |      13 |  43.3
        D:3 |     191 |       0 |   0.0 |      19 |       0 |   0.0
        D:4 |     589 |     448 |  43.2 |      36 |       3 |   7.7
        D:5 |    1301 |     398 |  23.4 |      22 |       2 |   8.3
        D:6 |    1517 |     290 |  16.0 |      28 |       1 |   3.4
        D:7 |     883 |     511 |  36.7 |      17 |      14 |  45.2
        D:8 |     819 |       0 |   0.0 |      22 |       0 |   0.0
        D:9 |     526 |       0 |   0.0 |       5 |       0 |   0.0
            +---------+---------+-------+---------+---------+-------
